 Dungeon Crawl Stone Soup version 0.28.0-47-ge53b351184 (webtiles) character file.

Game seed: 9448595066166749878

1176 pkoi the Stinger (level 7, -4/55 HPs)
             Began as a Demigod Venom Mage on Apr 27, 2022.
             Slain by a white imp (5 damage)
             ... on level 6 of the Dungeon.
             The game lasted 00:16:56 (10900 turns).

pkoi the Stinger (Demigod Venom Mage)              Turns: 10900, Time: 00:16:56

Health: -4/55      AC:  4    Str:  9    XL:     7   Next: 98%
Magic:  0/14       EV: 12    Int: 25    God:
Gold:   334        SH:  0    Dex: 14    Spells: 2/12 levels left

rFire   . . .      SeeInvis .   b - +1 short sword
rCold   . . .      Faith    .   (no shield)
rNeg    . . .      Spirit   .   a - +0 robe
rPois   +          Reflect  .   (no helmet)
rElec   .          Harm     .   m - +1 cloak
rCorr   .          Rampage  .   (no gloves)
Will    .....                   (no boots)
Stlth   ++........              (no amulet)
HPRegen 0.18/turn               e - ring of poison resistance
MPRegen 0.14/turn               (no ring)

@: no status effects
A: high MP 1, forlorn, divine attributes
a: no special abilities


You were on level 6 of the Dungeon.
You visited 1 branch of the dungeon, and saw 6 of its levels.
You also visited: Ossuary.

You collected 334 gold pieces.

Inventory:

Hand Weapons
 b - a +1 short sword (weapon)
 c - a +0 spear
 r - a +0 dagger of draining
Armour
 a - a +0 robe (worn)
 m - a +1 cloak (worn)
Magical Staves
 k - a staff of air
Jewellery
 e - a ring of poison resistance (left hand)
Wands
 i - a wand of polymorph (2)
 n - a wand of paralysis (11)
 w - a wand of iceblast (3)
Scrolls
 d - a scroll of identify
 p - a scroll of teleportation
 u - a scroll of silence
 v - a scroll of enchant weapon
Potions
 f - a potion of curing
 g - a potion of attraction
 h - 2 potions of magic
 j - a potion of brilliance
 l - a potion of lignification
 o - 2 potions of berserk rage
 q - a potion of mutation
 s - 2 potions of ambrosia
 t - a potion of cancellation
 x - a potion of haste


   Skills:
 - Level 2.0 Fighting
 - Level 1.7 Dodging
 - Level 3.0 Stealth
 - Level 3.0 Spellcasting
 + Level 2.5 Conjurations
 - Level 3.0 Translocations
 - Level 2.0 Transmutations
 - Level 3.0 Air Magic
 + Level 5.3 Poison Magic
 + Level 2.2 Evocations


You had 2 spell levels left.
You knew the following spells:

 Your Spells              Type           Power      Damage    Failure   Level
a - Sting                 Tmut/Pois      88%        1d7       2%          1
b - Poisonous Vapours     Pois/Air       48%        N/A       2%          2
c - Blink                 Tloc           36%        N/A       4%          2
d - Olgreb's Toxic Radia  Pois           30%        N/A       12%         4
e - Magic Dart            Conj           64%        1d6       3%          1

Your spell library contained the following spells:

 Spells                   Type           Power      Damage    Failure   Level
 Call Imp                 Summ           3%         N/A       16%         2
 Mephitic Cloud           Conj/Pois/Air  21%        N/A       7%          3
 Gell's Gravitas          Tloc           18%        N/A       9%          3
 Lesser Beckoning         Tloc           18%        N/A       9%          3
 Teleport Other           Tloc           18%        N/A       9%          3
 Manifold Assault         Tloc           18%        N/A       63%         5


Dungeon Overview and Level Annotations

Branches:
Dungeon (6/15)            Ossuary (visited)
 Temple: D:4-7

Annotations:
D:4 2 runed translucent doors, mortz's ghost, novice OpCj


Innate Abilities, Weirdness & Mutations

You have an increased reservoir of magic. (+10% MP)
You shall have no god before yourself.
Your divine heritage dramatically boosts your attributes as you level up.


Message History

Casting: Sting (safe; 2% risk of failure)
Confirm with . or Enter, or press ? or * to list all spells.
Aiming: Sting (safe; 2% risk of failure)
Press: ? - help, Shift-Dir - straight line, f/p - white imp
Aim: a white imp (lightly wounded, very poisoned, 76% to hit)
The sting misses the white imp.
The white imp hits you.
* * * LOW HITPOINT WARNING * * *
The white imp freezes you.
* * * LOW HITPOINT WARNING * * *
Casting: Sting (safe; 2% risk of failure)
Confirm with . or Enter, or press ? or * to list all spells.
Aiming: Sting (safe; 2% risk of failure)
Press: ? - help, Shift-Dir - straight line, f/p - white imp
Aim: a white imp (moderately wounded, very poisoned, 76% to hit)
The sting hits the white imp.
The white imp looks even sicker.
The white imp is moderately wounded.
The white imp hits you.
* * * LOW HITPOINT WARNING * * *
The white imp freezes you.
* * * LOW HITPOINT WARNING * * *
You hit the white imp.
The white imp is almost dead.
The white imp misses you.
Your magical contamination has completely faded away.
You hit the white imp but do no damage.
The white imp is almost dead.
The white imp barely misses you.
You hit the white imp but do no damage.
The white imp is almost dead.
The white imp hits you.
* * * LOW HITPOINT WARNING * * *
The white imp freezes you.
* * * LOW HITPOINT WARNING * * *
Unknown command.
You barely miss the white imp.
The white imp is almost dead.
The white imp hits you.
* * * LOW HITPOINT WARNING * * *
The white imp freezes you.
You die...

####...........#.....)...
#..............##.......#
#.###5........#....##...#
....
##......#.###.##..... ...
#...#### # ###......
....#....## #.......
#(..####..# #....##.
#..(##.# .........
#...@#.## ##..######
#...5#..## #.. #
##.......# #. ###.###..#
...# #.... #.#### ..... #
####


You could see a white imp (very poisoned).

Vanquished Creatures
  A hornet zombie (D:6)
  A sky beast (D:6)
  An ogre (D:5)
  2 scorpions
  A wyvern skeleton (D:6)
  A water moccasin skeleton (D:6)
  2 jellies (D:5)
  A bullfrog zombie (D:5)
  2 bullfrog skeletons
  6 hounds
  A gnoll shaman (D:6)
  Ijyb (D:4)
  2 iguanas
  3 mummies (Ossuary)
  4 gnolls (D:6)
  5 adders
  A shadow imp (D:6)
  A white imp (D:6)
  2 ufetubi
  2 adder zombies (Ossuary)
  An adder skeleton (D:4)
  2 worms
  2 dart slugs
  5 ball pythons
  2 bats (D:2)
  5 endoplasms
  3 giant cockroaches (D:2)
  3 goblins (D:1)
  3 hobgoblins
  10 jackals
  8 kobolds
  6 quokkas
  A frilled lizard (D:1)
  5 goblin zombies (Ossuary)
  3 hobgoblin zombies (Ossuary)
  2 kobold zombies (Ossuary)
  An orc zombie (Ossuary)
  3 quokka zombies (Ossuary)
  6 rats
  2 rat zombies (Ossuary)
113 creatures vanquished.

Vanquished Creatures (others)
  5 fungi (D:3)
  3 plants (D:3)
8 creatures vanquished.

Grand Total: 121 creatures vanquished

Notes
Turn   | Place    | Note
-------+----------+-------------------------------------------
     0 | D:1      | pkoi the Demigod Venom Mage began the quest for the Orb.
     0 | D:1      | Reached XP level 1. HP: 14/14 MP: 5/5
    37 | D:1      | Reached skill level 3 in Poison Magic
   341 | D:1      | Reached XP level 2. HP: 20/20 MP: 4/7
   482 | D:1      | Learned a level 2 spell: Poisonous Vapours
  1423 | D:1      | Reached XP level 3. HP: 26/26 MP: 2/8
  2597 | D:2      | Reached skill level 1 in Transmutations
  3083 | D:3      | Learned a level 2 spell: Blink
  3976 | D:3      | Reached skill level 4 in Poison Magic
  3976 | D:3      | Reached XP level 4. HP: 34/34 MP: 6/9
  4035 | D:3      | Reached skill level 1 in Fighting
  4696 | D:4      | Found a sand-covered staircase.
  4759 | Ossuary  | Entered an ossuary
  4777 | Ossuary  | Reached skill level 1 in Air Magic
  4783 | Ossuary  | Reached XP level 5. HP: 5/40 MP: 0/11
  5586 | D:4      | Found a runed translucent door.
  5594 | D:4      | Noticed mortz's ghost (novice OpCj)
  5598 | D:4      | Identified the +2 hand crossbow "Werhelagh" {flame, *Slow
                  | rPois rCorr Str+4}
  5642 | D:4      | Noticed Ijyb
  5645 | D:4      | Paralysed by Ijyb for 3 turns
  5651 | D:4      | Paralysed by Ijyb for 3 turns
  5661 | D:4      | Killed Ijyb
  5662 | D:4      | Reached skill level 1 in Translocations
  6177 | D:4      | Reached XP level 6. HP: 48/48 MP: 2/12
  6354 | D:4      | Learned a level 4 spell: Olgreb's Toxic Radiance
  6363 | D:4      | Found a runed translucent door.
  6989 | D:5      | Entered Level 5 of the Dungeon
  7475 | D:4      | Learned a level 1 spell: Magic Dart
  8777 | D:6      | Reached skill level 1 in Conjurations
  8777 | D:6      | Reached XP level 7. HP: 40/55 MP: 14/14
  9164 | D:6      | Reached skill level 1 in Evocations
 10388 | D:6      | Reached skill level 5 in Poison Magic
 10899 | D:6      | HP: 2/55 [white imp (3)]
 10900 | D:6      | Slain by a white imp

Illustrated notes

Levels and vault maps discovered:
D:1:      dpeg_arrival_long_road, layout_loops_ring, minmay_pentomino_z4
D:2:      layout_basic, basic_altar, minmay_misc_feat_alley
D:3:      layout_loops_ring, overflow_temple_1_default,
          dreamdust_ecumenical_altar_hidden_monk_grotto,
          amcnicky_mini_pool_small
D:4:      layout_gridville, nicolae_ossuary_entry_monument,
          ebering_ghost_sewer_f, uniq_ijyb
D:5:      layout_basic, nemelex_diamond_rough_becter,
          nicolae_tso_carved_into_rock, minmay_misc_feat_ornament
D:6:      layout_layer_cave, gammafunk_temple_overflow_elements,
          roderic_serpentine_path, dk_noncrumbling_3, minmay_bent, uniq_edmund

Skill      XL: |  1  2  3  4  5  6  7 |
---------------+----------------------+-----
Poison Magic   | 3 4 5 |  5.3
Transmutations | 1 2 |  2.0
Stealth        | 2 3 |  3.0
Spellcasting   | 2 3 |  3.0
Fighting       | 1 2 |  2.0
Air Magic      | 1 2 3 |  3.0
Translocations | 1 2 3 |  3.0
Conjurations   | 1 2 |  2.5
Evocations     | 2 |  2.2
Dodging        | |  1.7

Action                   |  1- 3 |  4- 6 |  7- 9 || total
-------------------------+-------+-------+-------++-------
Melee: Short sword       |    18 |   124 |    38 ||   180
       Staff             |     1 |     5 |       ||     6
       Dagger            |       |    31 |       ||    31
       Punch             |       |     7 |       ||     7
 Cast: Sting             |    89 |    82 |    55 ||   226
       Poisonous Vapours |     2 |    15 |    14 ||    31
       Blink             |       |     2 |     1 ||     3
       Magic Dart        |       |       |    17 ||    17
Evoke: Wand              |       |     4 |     5 ||     9
  Use: Scroll            |       |    19 |       ||    19
       Potion            |       |     1 |       ||     1
 Stab: Paralysed         |       |     1 |    10 ||    11
       Sleeping          |       |       |     1 ||     1
Armor: Robe              |    12 |    57 |    18 ||    87
       Skin              |       |    34 |       ||    34
Dodge: Dodged            |    39 |   129 |    52 ||   220
